 Dungeon Crawl Stone Soup version 0.31-a0-543-geaa9c7a2c0 (webtiles) character file.

Game seed: 3159311628209442346

5430 Morbidden the Skirmisher (level 10, -2/80 HPs)
             Began as a Formicid Hunter on Aug 15, 2023.
             Was a Priest of Cheibriados.
             Slain by a death yak (8 damage)
             ... on level 10 of the Dungeon.
             The game lasted 00:12:07 (8926 turns).

Morbidden the Skirmisher (Formicid Hunter)          Turns: 8926, Time: 00:12:08

Health: -2/80      AC:  9    Str: 25    XL:     10   Next: 99%
Magic:  13/13      EV: 16    Int: 16    God:    Cheibriados [***...]
Gold:   487        SH:  5    Dex: 29    Spells: 9/9 levels left

rFire   + . .        b - +2 great sword
rCold   + . .        (no shield)
rNeg    . . .        F - +0 steam dragon scales
rPois   .            (helmet unavailable)
rElec   .            G - +0 cloak
rCorr   .            e - +0 pair of gloves
SInv    +            q - +0 pair of boots
Will    +....        v - amulet of reflection
Stlth   +++          C - ring of protection from cold
HPRegen 0.33/turn    h - ring of wizardry
MPRegen 0.13/turn

%: reflection, clarity, wizardry (x1)
@: studying Fighting, very slow
A: permanent stasis, dig shafts and tunnels, antennae 3, four strong arms,
clarity, fire resistance 1
a: Dig, Shaft Self, Renounce Religion, Bend Time, Temporal Distortion


You were on level 10 of the Dungeon.
You worshipped Cheibriados.
Cheibriados was most pleased with you.
You visited 2 branches of the dungeon, and saw 11 of its levels.
You also visited: Ossuary.

You collected 487 gold pieces.

Inventory:

Hand Weapons
 a - a +0 orcbow
 b - a +2 great sword (weapon)
 r - a +0 vampiric falchion
Armour
 e - a +0 pair of gloves (worn)
 l - a +0 chain mail
 q - a +0 pair of boots (worn)
 F - +0 steam dragon scales (worn)
 G - a +0 cloak (worn)
Jewellery
 h - a ring of wizardry (right hand)
 v - an amulet of reflection (around neck)
 w - an amulet of the acrobat
 C - a ring of protection from cold (left hand)
Talismans
 p - a beast talisman
Wands
 c - a wand of light (3)
 f - a wand of roots (11)
 k - a wand of flame (29)
 m - a wand of mindburst (10)
 n - a wand of charming (8)
 E - a wand of digging (5)
Scrolls
 i - 2 scrolls of butterflies
 j - 3 scrolls of enchant weapon
 u - a scroll of revelation {unknown}
 y - a scroll of fog {unknown}
 z - a scroll of immolation {unknown}
 A - a scroll of vulnerability
 D - a scroll of poison
Potions
 d - a potion of degeneration
 g - 3 potions of curing
 o - a potion of cancellation
 s - a potion of haste
 t - 3 potions of might
 x - a potion of ambrosia
 B - 2 potions of resistance


   Skills:
 * Level 8.2 Fighting
 * Level 5.9 Long Blades
 * Level 10.2 Ranged Weapons
 * Level 4.7 Armour
 * Level 4.7 Dodging
 + Level 3.0 Stealth
 + Level 1.0 Shields
 * Level 4.0 Invocations
 + Level 0.3 Evocations
 * Level 3.7 Shapeshifting


You had 9 spell levels left.
You didn't know any spells.
Your spell library contained the following spells:

 Spells                   Type           Power      Damage    Failure   Level
 Kiss of Death            Conj/Necr      0%         2d5       11%         1
 Magic Dart               Conj           0%         1d3       11%         1
 Sandblast                Erth           0%         2d4       11%         1
 Call Imp                 Summ           0%         N/A       16%         2
 Cigotuvi's Dreadful Rot  Necr/Pois/Air  0%         N/A       16%         2
 Passwall                 Tmut/Erth      0%         N/A       16%         2
 Confusing Touch          Hex            0%         N/A       28%         3
 Ignite Poison            Fire/Tmut/Pois 0%         N/A       28%         3
 Inner Flame              Hex/Fire       0%         N/A       28%         3
 Mephitic Cloud           Conj/Pois/Air  0%         N/A       28%         3
 Stone Arrow              Conj/Erth      0%         3d7       28%         3
 Dispel Undead            Necr           0%         3d6       65%         4
 Flame Wave               Conj/Fire      0%         2d4       65%         4
 Sticky Flame             Conj/Fire      0%         2d3       65%         4
 Freezing Cloud           Conj/Ice/Air   0%         6-21      93%         5


Dungeon Overview and Level Annotations

Branches:
Dungeon (10/15)            Temple (1/1) D:5         Ossuary (visited)
   Lair: D:8-11         Orc: D:9-12

Altars:
Ashenzari
Cheibriados
Dithmenos
Elyvilon
Fedhas
Gozag
Kikubaaqudgha
Makhleb
Nemelex Xobeh
Okawaru
Qazlal
Ru
Sif Muna
Trog
Uskayaw
Vehumet
Wu Jian
Xom
Yredelemnul
Zin
The Shining One

Shops:
D:1 :   D:2 !   D:9 *

Annotations:
D:6 Jeremiah


Innate Abilities, Weirdness & Mutations

You cannot be hasted, slowed, berserked, paralysed or teleported.
You can dig through walls and to a lower floor.
You have a pair of large antennae on your head. (SInv)
Your four strong arms can wield two-handed weapons with a shield.
You possess an exceptional clarity of mind.
Your flesh is heat resistant. (rF+)


Message History

The arrow hits the death yak but does no damage.
The death yak is moderately wounded.
Unknown command.
A death yak is nearby!
You shoot an arrow. The arrow hits the death yak!
The death yak is moderately wounded.
You hear a bellow!
The death yak barely misses you.
A death yak comes into view.
You hear a bellow!
You hear a shout!
Unknown command.
There are monsters nearby!
You shoot an arrow. The arrow hits the death yak!
The death yak is heavily wounded.
The death yak closely misses you.
Unknown command.
Unknown command.
b - a +2 great sword (weapon)
A death yak comes into view.
The death yak gores you but does no damage.
The death yak bellows!
You slice the death yak!!
The death yak is severely wounded.
You hear a shout!
The death yak gores you!!
Unknown command.
The death yak attacks as you move away! The death yak gores you!
The death yak completely misses you. The death yak gores you! x2
* * * LOW HITPOINT WARNING * * *
Unknown command.
The death yak attacks as you move away! The death yak closely misses you.
You see here a quokka corpse.
Unknown command.
The death yak gores you!
* * * LOW HITPOINT WARNING * * *
The death yak barely misses you.
You begin to dig a shaft.
You continue digging a shaft.
The death yak gores you!
You die...

....... .......# .......#
.......# . .......# ...
.....# ######
....###.Y##########....##
.......†Y@.#............#
#.....Y#†...........#.#
...#...#.###...#####..#.##
##..#.# #...#...#..#...
,,#.....# #...'...#..####
......## #...#...#...###
....... ##...#####..[.#.
.......# #...........#...
#...### #...........##..


You could see 3 death yaks.

Vanquished Creatures
  A two-headed ogre (D:9)
  Urug (D:10)
  A hornet (D:8)
  A vampire (D:10)
  A wyvern (D:8)
  Sigmund (D:3)
  A wraith (D:9)
  A yak (D:9)
  2 steam dragons
  2 sky beasts
  An ice beast (D:6)
  2 ogres
  2 black bears
  2 phantoms
  4 centaurs
  3 bullfrogs
  A scorpion (D:5)
  5 wights (D:8)
  2 water moccasin zombies (Ossuary)
  4 killer bees (D:9)
  7 howler monkeys
  3 jellies
  A gnoll bouda (D:9)
  3 hounds
  4 orc priests
  A sleepcap (D:6)
  5 iguanas
  3 orc wizards
  2 mummies (Ossuary)
  7 adders
  16 gnolls
  3 river rats (D:10)
  2 ufetubi (D:6)
  5 adder zombies (Ossuary)
  4 worms
  6 dart slugs
  19 orcs
  8 endoplasms
  5 giant cockroaches
  8 goblins
  11 hobgoblins
  4 jackals (D:2)
  7 quokkas
  8 ball pythons
  6 bats
  5 frilled lizards
  6 gnoll zombies (Ossuary)
  4 hobgoblin zombies (Ossuary)
  4 kobolds
  7 kobold zombies (Ossuary)
  6 orc zombies (Ossuary)
  7 rats
225 creatures vanquished.

Vanquished Creatures (collateral kills)
  2 orcs (D:8)
2 creatures vanquished.

Grand Total: 227 creatures vanquished

Notes
Turn   | Place    | Note
-------+----------+-------------------------------------------
     0 | D:1      | Morbidden the Formicid Hunter began the quest for the Orb.
     0 | D:1      | Reached XP level 1. HP: 16/16 MP: 1/1
    89 | D:1      | Reached XP level 2. HP: 20/23 MP: 2/2
   350 | D:1      | Found Riurres's Book Boutique.
   367 | D:1      | Reached XP level 3. HP: 28/28 MP: 3/3
   455 | D:1      | Found a faded altar of an unknown god.
   780 | D:2      | Reached skill level 5 in Ranged Weapons
   780 | D:2      | Reached XP level 4. HP: 33/34 MP: 4/4
  1282 | D:2      | Found Buacoam's Distillery.
  1806 | D:3      | Noticed Sigmund
  1973 | D:3      | Killed Sigmund
  1974 | D:3      | Reached skill level 1 in Long Blades
  1974 | D:3      | Reached skill level 6 in Ranged Weapons
  1974 | D:3      | Reached skill level 1 in Armour
  1974 | D:3      | Reached XP level 5. HP: 38/41 MP: 5/5
  1974 | D:3      | Reached XP level 6. HP: 44/47 MP: 6/6
  2036 | D:3      | Found a radiant altar of Vehumet.
  2604 | D:4      | Found a sand-covered staircase.
  2615 | Ossuary  | Entered an ossuary
  2654 | Ossuary  | Reached XP level 7. HP: 52/52 MP: 7/7
  3166 | D:4      | Reached skill level 7 in Ranged Weapons
  3386 | D:5      | Entered Level 5 of the Dungeon
  3423 | D:5      | Reached skill level 1 in Shapeshifting
  3497 | D:5      | Reached XP level 8. HP: 50/60 MP: 8/8
  3538 | D:5      | Found a staircase to the Ecumenical Temple.
  3549 | Temple   | Entered the Ecumenical Temple
  3564 | Temple   | Became a worshipper of Cheibriados the Contemplative
  3992 | D:5      | Reached skill level 8 in Ranged Weapons
  3992 | D:5      | Reached skill level 1 in Invocations
  4048 | D:5      | Reached * piety under Cheibriados
  4380 | D:6      | Reached XP level 9. HP: 27/67 MP: 8/10
  4520 | D:6      | Found an ancient bone altar of Kikubaaqudgha.
  4619 | D:6      | Reached skill level 5 in Fighting
  4752 | D:6      | Reached skill level 9 in Ranged Weapons
  4912 | D:6      | Noticed a boulder beetle
  4937 | D:6      | Reached ** piety under Cheibriados
  4988 | D:6      | You fall into a shaft and drop 2 floors!
  5745 | D:8      | Noticed a hornet
  5770 | D:8      | Gained mutation: You have hidden genetic defects. [potion
                  | of mutation]
  5770 | D:8      | Gained mutation: Your body sometimes deteriorates upon
                  | taking damage. [potion of mutation]
  5770 | D:8      | Lost mutation: Your body sometimes deteriorates upon taking
                  | damage. [potion of mutation]
  5770 | D:8      | Gained mutation: Your muscles are strong. (Str +4, Int/Dex
                  | -1) [potion of mutation]
  5771 | D:8      | Lost mutation: You have hidden genetic defects. [potion of
                  | mutation]
  5771 | D:8      | Lost mutation: Your muscles are strong. (Str +4, Int/Dex
                  | -1) [potion of mutation]
  5771 | D:8      | Gained mutation: You possess an exceptional clarity of
                  | mind. [potion of mutation]
  5771 | D:8      | Gained mutation: Your flesh is heat resistant. (rF+)
                  | [potion of mutation]
  5786 | D:8      | Killed a hornet
  6134 | D:7      | Reached XP level 10. HP: 77/77 MP: 12/12
  6423 | D:7      | Found a sparkling altar of Nemelex Xobeh.
  6498 | D:7      | Identified the +1 robe of Agailuf {+Blink}
  6644 | D:7      | Reached *** piety under Cheibriados
  7147 | D:6      | Noticed Jeremiah
  7289 | D:9      | Found a white marble altar of Elyvilon.
  7420 | D:9      | Found Emiuhu's General Store.
  7647 | D:9      | Noticed a two-headed ogre
  7653 | D:9      | Killed a two-headed ogre
  7654 | D:9      | Reached skill level 5 in Long Blades
  7654 | D:9      | Reached skill level 10 in Ranged Weapons
  8061 | D:9      | Found a glowing silver altar of Zin.
  8442 | D:10     | Entered Level 10 of the Dungeon
  8442 | D:10     | Noticed Urug
  8672 | D:10     | Killed Urug
  8673 | D:10     | Reached skill level 1 in Shields
  8915 | D:10     | Noticed a death yak
  8918 | D:10     | Noticed a death yak
  8920 | D:10     | Noticed a death yak
  8926 | D:10     | Slain by a death yak

Illustrated notes

Levels and vault maps discovered:
D:1:      sevenhm_arrival_forest_fort_small_5, layout_basic,
          shapermc_ecumenical_altar_mp_urbaneastern, serial_shops, shop
D:2:      layout_basic, serial_shops, nicolae_shop_real_fake_doors
D:3:      layout_rooms, nicolae_vehumet_radiance, minmay_misc_feat_plants,
          uniq_sigmund
D:4:      layout_basic, nicolae_ossuary_entry_monument
D:5:      layout_basic, minmay_temple_entry_slanted
D:6:      minmay_inner_zag, layout_rooms, nicolae_kikubaaqudgha_miasma_corner,
          minmay_manual_monstrance, uniq_jeremiah
D:7:      layout_loops_ring, mainiacjoe_overflow_24_doors, minivault_26,
          amethyst_killhole
D:8:      layout_loops_cross, dreamdust_wishing_well, corexii_leaking_fountain
D:9:      layout_loops_ring, mainiacjoe_overflow_tiny_flanked,
          mainiacjoe_overflow_small_starburst, serial_shops,
          nicolae_inconvenience_store, kennysheep_generic_room_15
D:10:     layout_cave_pods, nzn_hepliaklqana_mist_gate, dpeg_lair_monsters,
          serial_column_ruins, column_ruins_hut, column_ruins_hut,
          column_ruins_grid_3, column_ruins_columns_straight,
          column_ruins_open_medium, uniq_urug, uniq_erolcha
Temple:   nicolae_temple_slightly_damp_pantheon

Skill      XL: |  1  2  3  4  5  6  7  8  9 10 |
---------------+-------------------------------+-----
Ranged Weapons | 5 6 7 8 9 10 | 10.2
Fighting       | 3 4 6 8 |  8.2
Long Blades    | 1 2 3 4 5 |  5.9
Armour         | 1 2 3 4 |  4.7
Dodging        | 2 3 4 |  4.7
Shapeshifting  | 1 2 3 |  3.7
Invocations    | 1 2 4 |  4.0
Stealth        | 2 3 |  3.0
Shields        | 1 |  1.0
Evocations     | |  0.3

Action                     |  1- 3 |  4- 6 |  7- 9 | 10-12 || total
---------------------------+-------+-------+-------+-------++-------
  Melee: Long sword        |       |    38 |    74 |       ||   112
         Falchion          |       |       |    10 |       ||    10
         Great sword       |       |       |     8 |    89 ||    97
         Punch             |       |       |     2 |       ||     2
   Fire: Shortbow          |    73 |   133 |   227 |     5 ||   438
         Orcbow            |       |       |       |    71 ||    71
Ability: Shaft Self        |       |       |     1 |     1 ||     2
  Evoke: Wand              |       |       |     4 |     3 ||     7
    Use: Scroll            |       |     5 |       |     2 ||     7
         Potion            |       |       |    16 |     2 ||    18
   Stab: Sleeping          |       |     1 |       |     2 ||     3
         Invisible         |       |       |    10 |       ||    10
 Armour: Leather armour    |     8 |     1 |       |       ||     9
         Ring mail         |       |    25 |    42 |       ||    67
         Steam dragon scal |       |       |    31 |    28 ||    59
  Dodge: Dodged            |    16 |    65 |   171 |   137 ||   389
  Block: Other             |       |       |       |    25 ||    25

Table legend: (Time is in decaauts)
 A = Elapsed time spent in this place.
 B = Non-inter-level travel time spent in this place.
 C = Inter-level travel time spent in this place.
 D = Time resting spent in this place.
 E = Time spent auto-exploring this place.
 F = Levels seen in this place.
 G = Mean time per level.
                   A        B        C        D        E       F      G
               +--------+--------+--------+--------+--------+-----+--------+
         Total |  10730 |  10233 |    497 |   1295 |   6996 |  12 |  894.2 |
       Dungeon |  10225 |   9758 |    467 |   1108 |   6891 |  10 | 1022.5 |
        Temple |     58 |     29 |     29 |      0 |     18 |   1 |   58.0 |
       Ossuary |    445 |    445 |      0 |    187 |     87 |   1 |  445.0 |
               +--------+--------+--------+--------+--------+-----+--------+

Top non-repeatable levels by time:
     D:9: 1788 daAuts
     D:7: 1519 daAuts
     D:8: 1352 daAuts
     D:2: 1237 daAuts
     D:5: 1173 daAuts
     D:6: 927 daAuts
     D:1: 745 daAuts
     D:4: 573 daAuts
     D:3: 510 daAuts
 Ossuary: 445 daAuts
    D:10: 398 daAuts
  Temple: 58 daAuts
